 Dungeon Sprint DCSS version 0.18-a0-33-g9e10395 (console) character file.

138 Kellhus the Eye of the Storm (level 7, 0/62 HPs)
             Began as a Hill Orc Gladiator on Nov 5, 2015.
             Was a Priest of Qazlal.
             Killed from afar by a deep elf knight (27 damage)
             ... with a spray of energy
             ... in the Dungeon (Sprint VI: "Thunderdome").
             The game lasted 00:04:03 (473 turns).

Kellhus the Eye of the Storm (Hill Orc Gladiator)    Turns: 473, Time: 00:04:04

Health: 0/62       AC:  4    Str: 18    XL:     7   Next: 95%
Magic:  9/17       EV: 12    Int:  8    God:    Qazlal [***...]
Gold:   340        SH:  4    Dex: 13    Spells: 0 memorised, 6 levels left

rFire  . . .     SeeInvis .     a - +0 war axe
rCold  . . .     Clarity  .     b - +0 leather armour
rNeg   . . .     SustAt   .     (no shield)
rPois  .         Gourm    .     c - +0 helmet
rElec  .         Spirit   .     (no cloak)
rCorr  .         Warding  .     (no gloves)
rMut   .         NoTele   +     (no boots)
MR     .....                    (no amulet)
Stlth  +.........               (no ring)
                                (no ring)

@: not resistant to hostile enchantments, very unstealthy
A: no striking features
a: Upheaval, Elemental Force, Renounce Religion


You were in the Dungeon.
You worshipped Qazlal.
Qazlal was most pleased with you.
You were not hungry.

You visited 1 branch You collected 340 gold pieces.

Inventory:

Hand Weapons
 a - a +0 war axe (weapon)
Missiles
 d - 3 throwing nets (quivered)
Armour
 b - a +0 leather armour (worn)
 c - a +0 helmet (worn)
Wands
 m - a wand of cold (1)
 n - a wand of fire (5)
Scrolls
 k - 4 scrolls of blinking
 o - 3 scrolls of fog
Potions
 f - a potion of curing
 g - 4 potions of heal wounds
 h - 4 potions of haste
 i - 2 potions of magic
 j - a potion of berserk rage
 l - a potion of resistance
Comestibles
 e - a bread ration
 p - 2 chunks of flesh


   Skills:
 + Level 5.9 Fighting
 - Level 14.2 Axes
 - Level 1.7 Throwing
 - Level 2.4 Dodging
 + Level 14.6 Invocations


You had 6 spell levels left.
You didn't know any spells.

Dungeon Overview and Level Annotations

Branches:
Dungeon (1/1)

Altars:
Cheibriados
Dithmenos
Fedhas
Gozag
Kikubaaqudgha
Makhleb
Okawaru
Qazlal
Ru
Sif Muna
Trog
Vehumet
Xom
Yredelemnul
Zin
The Shining One
Jiyva
Lugonu

Shops:
D *[%??*?*:[((!!!!


Message History

A blizzard blasts the area with ice!
The blast of ice hits the deep elf priest.
You kill the deep elf priest!
Qazlal accepts your kill.
Your Fighting skill gained 3 levels and is now at level 5!
Your Invocations skill increases to level 14!
Unknown command.
You start resting.
A deep elf knight comes into view. It is wielding a long sword.
Aiming: Upheaval
Press: ? - help, Dir - move target cursor Magma suddenly erupts from the ground!
The blast of magma engulfs the deep elf knight.
The deep elf knight is heavily wounded.
The deep elf knight shouts!
The storm surrounding you is now too weak to repel missiles.
You no longer adapt resistances upon receiving elemental damage.
The deep elf knight gestures at you while chanting.
The spray of energy hits you!
You die...

##∩[....∩## #∩.......∩#
#_.)....._# #_........#
#........_# ###.........###
#⌠......[....⌠#
######.8...(.))..8.######
##∩.._....(.###......___∩##
##∩........8.# #.8........∩###
..........KK(###@......).....##
......[K..###..(###..........⌠#
......(...# #.§.# #..........⌠#
......)...###≈..###..........⌠#
.............###.............##
##∩........8e# #.8........∩###
##∩_._......###......___∩##
######.8.........8.######
#⌠...........⌠# ###.........###
#_......._#


You could see a deep elf knight.

Vanquished Creatures
  A deep elf priest (D)
  Sigmund (D)
  An ogre (D)
  4 big kobolds (D)
  3 gnoll shamans (D)
  3 gnolls (D)
  A giant cockroach (D)
  A hobgoblin (D)
  2 kobolds (D)
  A goblin (D)
18 creatures vanquished.

Notes
Turn   | Place    | Note
--------------------------------------------------------------
     0 | D        | Kellhus the Hill Orc Gladiator began the quest for the Orb.
     0 | D        | Reached XP level 1. HP: 18/18 MP: 1/1
     0 | D        | Found a shadowy altar of Dithmenos.
     0 | D        | Found a stormy altar of Qazlal.
     1 | D        | Found a blossoming altar of Fedhas.
     2 | D        | Found a snail-covered altar of Cheibriados.
     3 | D        | Found a glowing silver altar of Zin.
     3 | D        | Found a glowing golden altar of the Shining One.
     3 | D        | Found Ranlof's Premium Goods.
     3 | D        | Found Plog's Weapon Rack.
     4 | D        | Found Luz Miho's Miscellaneous Merchandise.
     4 | D        | Found Eroinu Buena's Basic Armour.
     5 | D        | Round 1.
     8 | D        | Became a worshipper of Qazlal Stormbringer
    11 | D        | Found an opulent altar of Gozag.
    11 | D        | Found Zauxtum's Identification Station.
    12 | D        | Found Wuuge's Advanced Armour.
    12 | D        | Found Vuklum's Jewellery.
    13 | D        | Found a basalt altar of Yredelemnul.
    13 | D        | Found Keirann's Bee Food.
    18 | D        | Found a shimmering altar of Xom.
    19 | D        | Found an iron altar of Okawaru.
    20 | D        | Found a bloodstained altar of Trog.
    20 | D        | Found a radiant altar of Vehumet.
    20 | D        | Found Keblaid's Magic Scroll Shop.
    20 | D        | Found Peavvasu's Staff Store.
    21 | D        | Noticed an ogre
    31 | D        | Killed an ogre
    31 | D        | Reached skill level 8 in Axes
    31 | D        | Reached XP level 2. HP: 25/25 MP: 1/6
    31 | D        | Reached XP level 3. HP: 30/30 MP: 1/8
    31 | D        | Reached XP level 4. HP: 37/37 MP: 1/9
    32 | D        | Found Hemoi's Magic Scroll Shop.
    32 | D        | Found Ituib's Must-Have Magic.
    34 | D        | Noticed Sigmund
    35 | D        | Killed Sigmund
    35 | D        | Reached skill level 11 in Axes
    35 | D        | Reached skill level 10 in Invocations
    35 | D        | Reached XP level 5. HP: 42/42 MP: 1/12
    35 | D        | Reached XP level 6. HP: 50/50 MP: 1/14
    44 | D        | Reached * piety under Qazlal
    80 | D        | Found a sacrificial altar of Ru.
    91 | D        | Arena points: 12 (+12) [x2]
   117 | D        | Found a viscous altar of Jiyva.
   118 | D        | Found a corrupted altar of Lugonu.
   119 | D        | Found an ancient bone altar of Kikubaaqudgha.
   120 | D        | Found Immeack's Do-It-Yourself Clinic.
   121 | D        | Found Weis's Bottled Wisdom.
   121 | D        | Found Zofulise's Distillery.
   121 | D        | Found a burning altar of Makhleb.
   121 | D        | Found a deep blue altar of Sif Muna.
   121 | D        | Found Etueddas's Distillery.
   139 | D        | Round 2.
   165 | D        | Reached ** piety under Qazlal
   194 | D        | Reached skill level 12 in Axes
   287 | D        | Reached *** piety under Qazlal
   287 | D        | Arena points: 54 (+42) [x3]
   319 | D        | Round 3.
   375 | D        | Reached skill level 13 in Axes
   382 | D        | Reached XP level 7. HP: 23/56 MP: 16/16
   398 | D        | Reached **** piety under Qazlal
   398 | D        | Arena points: 138 (+84) [x4]
   398 | D        | Reached skill level 14 in Axes
   444 | D        | Round 4.
   451 | D        | Noticed a deep elf priest
   451 | D        | Killed a deep elf priest
   451 | D        | Reached skill level 5 in Fighting
   473 | D        | Noticed a deep elf knight
   473 | D        | Killed from afar by a deep elf knight

Vault maps used:
D:        arena_sprint

Action                   |  1- 3 |  4- 6 |  7- 9 || total
-------------------------+-------+-------+-------++-------
Melee: War axe           |       |    39 |     4 ||    43
Invok: Upheaval          |       |       |     5 ||     5
Evoke: Wand              |     1 |     3 |       ||     4
